riotbit, chaotic male elven Ranger -------+----- | |............ ....| |..........{|%# | |......>!....@# |...........|q -------- |...........| |......| -----.------- |......%# # -------------- |......|# ### |............| |......|# # |....%......`.####.......|### # |............| -------- # ---------.- |............| ###|.......%.| -------------- #-.........| |.........| ----------- riotbit the Trailblazer Experience level: 9 Strength: 12 Dexterity: 14 Constitution: 16 Intelligence: 13 Wisdom: 14 Charisma: 9 Health: 0(59) Energy: 59(59) Def: 13 Gold: 6639 Moves: 7742 Dungeon seed: Hw_FaG6SqWPHmZEv Game ID: riotbit_1449998844 Your Inventory: Coins $ - 6639 gold pieces Amulets F - a cursed amulet versus poison Weapons a - a +1 elven dagger (weapon in hand) b - a +1 elven bow c - a +2 elven arrow d - 4 +0 elven arrows v - 2 blessed +0 arrows N - 4 +0 arrows (in quiver) Armor e - an uncursed +2 elven cloak (being worn) q - a blessed +2 pair of high boots (being worn) y - an uncursed +0 dented pot (being worn) z - a blessed +2 ring mail (being worn) R - an uncursed +0 pair of leather gloves Comestibles f - 3 uncursed lembas wafers g - an uncursed egg h - an uncursed apple l - 2 uncursed bananas u - an uncursed C-ration C - an uncursed K-ration H - 2 uncursed fortune cookies S - an uncursed cream pie U - a blessed tin of gecko meat Z - 3 uncursed pancakes Scrolls i - a blessed scroll of light k - a cursed scroll of punishment G - an uncursed scroll of identify V - an uncursed scroll of genocide Potions j - an uncursed potion of fruit juice m - an uncursed potion of gain ability p - a blessed potion of fruit juice w - an uncursed potion of water D - an uncursed potion of sleeping I - a cursed potion of acid M - an uncursed potion of paralysis Rings J - a blessed +2 ring of increase accuracy (on left hand) Wands n - a wand of digging (0:5) o - a wand of striking (0:0) r - a wand of magic missile (0:7) s - a wand of opening (0:4) x - a wand of lightning (0:3) T - a wand of striking (0:5) W - a wand of striking (0:2) Tools t - an uncursed blindfold A - an uncursed mirror B - an uncursed oil lamp (0:596) E - 6 uncursed tallow candles (0:200) K - an uncursed leash L - an uncursed skeleton key O - a +0 unicorn horn P - an uncursed tin whistle Q - an uncursed tin whistle X - an uncursed skeleton key Y - an uncursed mirror Spells and supernatural/magical abilities: Name Level Category Fail Memory D - drain life 2 attack 100% 81% W - pray for help -- divine ? -- Your skills at the end: Fighting Skills Weapon Skills dagger [Skilled] bow [Expert] Spellcasting Skills Final Attributes: You were piously aligned. You were sleep resistant. You had automatic searching. You had infravision. You were stealthy. You had a +2 bonus to hit. You are dead. Vanquished creatures: 2 shopkeepers a watch captain 2 small mimics a dwarf king a human mummy 2 ettin zombies 2 soldiers 4 watchmen a giant beetle a quivering blob a wolf a lynx a leprechaun a giant spider a horse a gnome king a lizard a dog a dingo 2 dwarf lords a white unicorn a plains centaur 2 soldier ants a bugbear 3 rock piercers a pony a shrieker 6 gnome lords 5 gnomish wizards a red naga hatchling 2 black naga hatchlings a golden naga hatchling a gray ooze 6 elf zombies 2 giant ants 2 little dogs a kitten 11 dwarves a kobold lord a kobold shaman 3 rothes 2 centipedes a monkey a werejackal 3 iguanas 12 killer bees 3 acid blobs 2 coyotes 3 gas spores a hobbit 6 manes 2 large kobolds 4 hobgoblins 2 giant rats 7 cave spiders a brown mold 3 yellow molds 2 green molds 41 gnomes 7 garter snakes 5 geckos 6 jackals 2 foxes 5 goblins 5 sewer rats 7 grid bugs a bat 3 lichens a kobold zombie 6 newts 225 creatures vanquished. Voluntary challenges: You had been an atheist until turn 3456. You used a wielded weapon 230 times, starting on turn 565. You read items or engraved 13 times, starting on turn 46. You never genocided any monsters. You never polymorphed an object. You never changed form. You used no wishes. You never split a pudding. You wrote Elbereth's name 2 times, starting on turn 2533. You violated your moral code, losing 123 points of alignment, starting on turn 859. Dungeon overview: The Dungeons of Doom: levels 1 to 9 Level 1 a long staircase Level 2 a fountain stairs to The Gnomish Mines Level 3 a scroll shop Level 4 a fountain Level 5 a throne Level 6 a fountain Level 7 Level 8 many fountains Level 9 <- You were here a fountain The Gnomish Mines: levels 3 to 8 Level 3 stairs to The Dungeons of Doom Level 4 Level 5 Level 6 many shops, a temple to Venus, some fountains Level 7 Level 8 History has recorded: On T:1 you entered the Dungeons of Doom to retrieve the Amulet of Yendor! On T:322 you reached level 2 of The Dungeons of Doom. On T:445 you advanced to experience level 2. On T:642 you reached level 1 of The Gnomish Mines. On T:668 you advanced to experience level 3. On T:756 you advanced to experience level 4. On T:859 you advanced to experience level 5. On T:1021 you reached level 2 of The Gnomish Mines. On T:1595 you reached level 3 of The Gnomish Mines. On T:1596 you advanced to experience level 6. On T:2128 you reached level 4 of The Gnomish Mines. On T:2244 you advanced to experience level 7. On T:2754 you reached level 6 of The Gnomish Mines. On T:3103 you advanced to experience level 8. On T:4688 you reached level 3 of The Dungeons of Doom. On T:5064 you reached level 4 of The Dungeons of Doom. On T:5363 you reached level 5 of The Dungeons of Doom. On T:5755 you reached level 6 of The Dungeons of Doom. On T:6159 you reached level 7 of The Dungeons of Doom. On T:6425 you advanced to experience level 9. On T:6733 you reached level 8 of The Dungeons of Doom. On T:7487 you reached level 9 of The Dungeons of Doom. Score breakdown: Gold: 6639 (13001 points) Experience: 9 levels (15756 points) Exploration: 9 levels ( 18.75%) (12377 points) Discoveries: 16 items ( 5.52%) ( 7046 points) Valuables value: (no points given unless you survive) Artifact value: 0 ( 0 points) Variety of kills: 70 monsters ( 18.37%) (12859 points) Turncount: 7742 turns (-2000 points) Survival: died (score multiplied by 80%) Total score: 47231 Latest messages: R - an uncursed scroll labeled KIRJE. k - a cursed scroll labeled VELOX NEB. m - an uncursed ragged spellbook. j - an uncursed cloudy potion. D - an uncursed emerald potion. w - an uncursed pink potion. C - an uncursed potion of extra healing. I - a cursed swirly potion. J - a blessed opal ring. T - an uncursed jeweled wand. x - an uncursed platinum wand. r - an uncursed silver wand. n - an uncursed steel wand. g - an uncursed wand of secret door detection. You kill the cave spider! The leocrotta hits! The leocrotta misses. The leocrotta hits! (2x) The leocrotta bites! The leocrotta hits! (2x) The leocrotta bites! You die... Final status: Goodbye riotbit the Ranger, killed by a leocrotta... You died in The Dungeons of Doom on dungeon level 9 with 47231 points, and 6639 pieces of gold, after 7742 moves. You were level 9 with a maximum of 59 hit points when you died.